AoeStats
← Iamak3186

Marketplace

505062932Analyzed
1v1 RM · 26d ago on Sep 7, 2026· 52m 45s· 2 players
Game mode
Random Map
Map size
Tiny (2 player)
Population
200
Speed
Normal
Resources
Standard
Victory
Conquest
Starting age
Dark Age
Ending age
Imperial Age
RankedLock teamsTeams togetherTeam positionsShared explorationLock speedFull tech treeHidden civsTurbo modeCheats
Victory
Defeat
🇵🇱 Poles · Poland
1208
+16
🇮🇳 Mongols · India
1217
-16
Bulke
7:22 Loom
9:41 Feudal Age
10:14 Horse Collar
11:19 Double-Bit Axe
21:07 Castle Age
20:52 Scale Barding Armor
21:48 Bloodlines
22:02 Forging
23:37 Chain Barding Armor
23:36 Gold Mining
24:34 Bow Saw
26:00 Heavy Plow
33:29 Szlachta Privileges
34:39 Husbandry
37:41 Fletching
38:28 Iron Casting
39:54 Elite Skirmisher
42:03 Wheelbarrow
41:14 Town Watch
46:49 Imperial Age
45:12 Man-at-Arms
45:12 Pikeman
45:55 Squires
46:17 Hand Cart
48:24 Cavalier
51:46 Blast Furnace
Iamak3186
6:15 Loom
8:14 Feudal Age
6:32 Loom
8:49 Double-Bit Axe
10:52 Horse Collar
19:53 Castle Age
19:16 Gold Mining
20:23 Bloodlines
20:07 Fletching
21:12 Wheelbarrow
21:13 Bow Saw
21:05 Bodkin Arrow
25:53 Ballistics
25:57 Heavy Plow
34:14 Stone Mining
43:16 Scale Barding Armor
50:33 Imperial Age
53:52 Imperial Age
54:19 Imperial Age
Connection lost

Rejoining the realm…

Still unreachable

The connection could not be restored.

Session expired

The server has moved on; the page needs a fresh start.